 Dungeon Crawl Stone Soup version 0.30.1-11-g7821555f0a (webtiles) character file.

Game seed: 4829383306767107681

2671 Tankapatomus the Blocker (level 9, -1/70 (75) HPs)
             Began as a Minotaur Fighter on Nov 27, 2023.
             Was a Believer of Sif Muna.
             Slain by a wight
             ... wielding a +1 scimitar of draining
              (6 damage)
             ... on level 7 of the Dungeon.
             The game lasted 00:45:39 (3920 turns).

Tankapatomus the Blocker (Minotaur Fighter)         Turns: 3920, Time: 00:45:39

HP:   -1/70 (75)    AC: 16    Str: 25    XL:     9   Next: 37%
MP:   8/8           EV: 11    Int:  5    God:    Sif Muna [**....]
Gold: 279           SH: 19    Dex: 10    Spells: 7/8 levels left

rFire   + . .        N - +3 trident (freeze)
rCold   . . .        v - +0 tower shield
rNeg    . . .        O - +0 plate armour {rF+}
rPois   +            (helmet restricted)
rElec   .            L - +2 cloak
rCorr   .            (no gloves)
SInv    .            (no boots)
Will    .....        t - amulet of reflection Stlth
                     e - +5 ring of evasion
HPRegen 0.31/turn    G - ring of poison resistance
MPRegen 0.11/turn

%: reflection
@: drained
A: horns 2, retaliatory headbutt
a: Renounce Religion, Channel Magic


You were on level 7 of the Dungeon.
You worshipped Sif Muna.
Sif Muna was pleased with you.
You visited 1 branch of the dungeon, and saw 7 of its levels.
You also visited: Sewer.

You collected 279 gold pieces.

Inventory:

Hand Weapons
 a - a +0 war axe
 l - a +0 dagger
 w - a +1 whip of flaming
 N - a +3 trident of freezing (weapon)
Missiles
 o - 27 stones
 A - 21 poisoned darts
Armour
 h - an orb of guile
 v - a +0 tower shield (worn)
 L - a +2 cloak (worn)
 O - a +0 plate armour of fire resistance (worn)
Magical Staves
 D - a staff of conjuration
 H - a staff of earth
Jewellery
 e - a +5 ring of evasion (left hand)
 t - an amulet of reflection (around neck)
 G - a ring of poison resistance (right hand)
 I - a ring of willpower
Wands
 s - a wand of acid (1) (quivered)
 J - a wand of iceblast (8)
 M - a wand of flame (18)
Scrolls
 c - 4 scrolls of teleportation {unknown}
 d - 3 scrolls of enchant armour {unknown}
 f - 3 scrolls of noise {unknown}
 i - a scroll of silence {unknown}
 j - 3 scrolls of identify {unknown}
 m - a scroll of poison {unknown}
 u - a scroll of fear {unknown}
 y - 4 scrolls of brand weapon {unknown}
 C - a scroll of magic mapping {unknown}
 E - a scroll of vulnerability {unknown}
 F - a scroll of enchant weapon {unknown}
 K - a scroll of butterflies {unknown}
Potions
 g - 5 potions of heal wounds {unknown}
 k - 4 potions of curing {unknown}
 n - 2 potions of lignification {unknown}
 p - a potion of degeneration {unknown}
 q - a potion of haste {unknown}
 r - a potion of flight {unknown}
 x - a potion of cancellation {unknown}
 z - a potion of mutation {unknown}
 B - 2 potions of berserk rage {unknown}


   Skills:
 + Level 6.2 Fighting
 - Level 7.7(8.6) Axes
 * Level 5.6(7.5) Polearms
 + Level 1.4 Throwing
 + Level 6.0 Armour
 + Level 3.2 Dodging
 + Level 0.1 Stealth
 + Level 9.3 Shields
 + Level 0.1 Conjurations
 + Level 1.0 Invocations
 + Level 0.4 Evocations


You had 7 spell levels left.
You knew the following spells:

 Your Spells              Type           Power      Damage    Failure   Level
a - Magic Dart            Conj           0%         1d3       100%        1

Your spell library contained the following spells:

 Spells                   Type           Power      Damage    Failure   Level
 Kiss of Death            Conj/Necr      0%         2d5       100%        1
 Call Imp                 Summ           0%         N/A       100%        2
 Inner Flame              Hex/Fire       0%         N/A       100%        3
 Mephitic Cloud           Conj/Pois/Air  0%         N/A       100%        3
 Portal Projectile        Hex/Tloc       0%         N/A       100%        3
 Tukima's Dance           Hex            0%         N/A       100%        3
 Cause Fear               Hex            0%         N/A       100%        4


Dungeon Overview and Level Annotations

Branches:
Dungeon (7/15)              Sewer (visited)
 Temple: D:4-7

Altars:
Elyvilon
Sif Muna


Innate Abilities, Weirdness & Mutations

You have a pair of horns on your head.
You reflexively headbutt those who attack you in melee.


Message History

You barely miss the human.
The human is heavily wounded.
You block the human's attack. The wight closely misses you.
You block the wight's attack. x2
The wight hits you with a +1 scimitar of draining.
You feel drained. x2
You puncture the human! You freeze the human.
The human is almost dead.
The human hits you with a +0 mace.
The wight hits you with a +1 scimitar of draining.
You feel drained. The wight hits you but does no damage.
The wight barely misses you. You block the wight's attack.
The wight hits you with a +2 falchion.
* * * LOW HITPOINT WARNING * * *
You block the wight's attack. The wight barely misses you.
The human hits you with a +0 mace!
* * * LOW HITPOINT WARNING * * *
The wight closely misses you.
You closely miss the human.
The human is almost dead.
A human comes into view. It is wielding a +0 sling.
You block the wight's attack. You block the human's attack.
You block the wight's attack.
The wight hits you from afar with a +3 trident.
* * * LOW HITPOINT WARNING * * *
You feel drained.
* * * LOW HITPOINT WARNING * * *
The wight closely misses you. You furiously retaliate!
You headbutt the wight!
You destroy the wight!
Sif Muna accepts your kill.
You puncture the human! You freeze the human.
You kill the human!
Sif Muna accepts your kill. You block the wight's attack.
The wight closely misses you. You block the wight's attack.
You block the bullfrog's attack.
You puncture the wight! Your headbutt misses the wight.
The wight is heavily damaged.
You block the bullfrog's attack.
The wight hits you with a +1 scimitar of draining.
You die...

##.....# ♣♣♣. #.
#......#.♣.♣. $.
#..<...#.♣.♣. ## #>
#.####.#..... #.##.##
#.# #.#♣♣.♣♣
#.#.#.###.####.# ♣)♣
#####...#.........# ♣.♣
......))..#....#..# ♣.♣
#...)@...#.#....#♣♣.♣♣
#..zzzF...#.....#♣...♣
...........#.#.#..#.....
###...##.......#...†PPP.
..... #.###........P~P.
..p... ..# #####....P.P.
##### ### #...#.....
#...#♣...♣ #...#♣♣.♣♣


You could see a human, a bullfrog and 3 wights.

Vanquished Creatures
  Pikel (D:4)
  2 humans (D:7)
  A steam dragon (D:7)
  A sky beast (D:7)
  An ice beast (D:7)
  An orc warrior (D:7)
  2 centaurs
  A phantom (D:7)
  A kobold brigand (Sewer)
  2 lemures (D:4)
  4 bullfrogs (D:7)
  4 scorpions
  A wight (D:7)
  2 hounds
  2 orc priests
  2 jellies
  2 gnoll boudas
  3 iguanas
  Ijyb (D:4)
  A sleepcap (D:6)
  2 orc wizards
  12 adders
  4 gnolls
  2 river rats (Sewer)
  3 shadow imps
  A white imp (D:7)
  7 worms
  13 orcs
  8 ball pythons
  13 endoplasms
  4 giant cockroaches
  10 goblins
  11 hobgoblins
  4 jackals (D:1)
  6 kobolds
  A quokka (D:1)
  4 bats
  5 frilled lizards
  8 rats
153 creatures vanquished.

Notes
Turn   | Place    | Note
-------+----------+-------------------------------------------
     0 | D:1      | Tankapatomus the Minotaur Fighter began the quest for the
                  | Orb.
     0 | D:1      | Reached XP level 1. HP: 19/19 MP: 0/0
    53 | D:1      | Reached XP level 2. HP: 13/27 MP: 1/1
    85 | D:1      | Learned a level 1 spell: Magic Dart
   437 | D:1      | Reached XP level 3. HP: 31/33 MP: 2/2
   854 | D:2      | Reached skill level 1 in Dodging
   992 | D:2      | Reached XP level 4. HP: 39/40 MP: 3/3
  1566 | D:3      | Found a glowing drain.
  1590 | Sewer    | Entered a sewer
  1641 | Sewer    | Reached skill level 4 in Shields
  1737 | Sewer    | Reached XP level 5. HP: 46/46 MP: 4/4
  2007 | Sewer    | Reached skill level 5 in Shields
  2170 | Sewer    | Reached XP level 6. HP: 53/53 MP: 5/5
  2359 | D:3      | Found a faded altar of an unknown god.
  2376 | D:3      | Prayed at the altar of an unknown god.
  2376 | D:3      | Became a worshipper of Sif Muna the Loreminder
  2376 | D:3      | Reached * piety under Sif Muna
  2515 | D:4      | Noticed Pikel
  2533 | D:4      | Killed Pikel
  2534 | D:4      | Reached skill level 5 in Fighting
  2534 | D:4      | Reached skill level 1 in Throwing
  2534 | D:4      | Reached skill level 5 in Armour
  2534 | D:4      | Reached skill level 6 in Shields
  2534 | D:4      | Reached XP level 7. HP: 19/61 MP: 6/6
  2534 | D:4      | Found a white marble altar of Elyvilon.
  2894 | D:4      | Noticed Ijyb
  2903 | D:4      | Killed Ijyb
  3015 | D:4      | Reached XP level 8. HP: 68/68 MP: 7/7
  3127 | D:5      | Entered Level 5 of the Dungeon
  3190 | D:5      | Reached ** piety under Sif Muna
  3265 | D:6      | Reached skill level 7 in Shields
  3424 | D:6      | Got the Spellbook of Force and Obstruction
  3653 | D:7      | Reached skill level 1 in Polearms
  3653 | D:7      | Reached skill level 8 in Shields
  3768 | D:7      | Reached XP level 9. HP: 52/75 MP: 8/8
  3815 | D:7      | Reached skill level 1 in Invocations
  3874 | D:7      | Reached skill level 9 in Shields
  3915 | D:7      | Reached skill level 5 in Polearms
  3920 | D:7      | Slain by a wight

Illustrated notes

Levels and vault maps discovered:
D:1:      minmay_arrival_hallway, layout_basic, minmay_misc_feat_diagonals,
          nrook_uturn, minmay_hexomino_c4
D:2:      layout_loops_cross, serial_forest, infiniplex_forest_straight_4,
          infiniplex_forest_straight_2, infiniplex_forest_straight_5,
          infiniplex_forest_lined_4_way, infiniplex_forest_split
D:3:      layout_rooms, mainiacjoe_overflow_tiny_flanked,
          ebering_ecumenical_altar_hall, gup_sewer_entry_glass,
          nicolae_wormholes, uniq_sigmund, uniq_terence
D:4:      layout_basic, elyvilon_altar_5, minmay_quantized,
          uniq_crazy_yiuf_cottage, uniq_ijyb, uniq_pikel
D:5:      lemuel_ratsnest, layout_layer_cave,
          minmay_temple_entry_statues_pillars, hangedman_decor_clover_reticule
D:6:      layout_rooms
D:7:      nzn_winding_woodlands_medium [nzn_winding_woodlands_5x5_three,
          nzn_winding_woodlands_5x15_garden, nzn_winding_woodlands_5x5_default,
          nzn_winding_woodlands_5x5_checkerboard,
          nzn_winding_woodlands_center_pierced_h,
          nzn_winding_woodlands_5x5_perimeter,
          nzn_winding_woodlands_5x5_open_star,
          nzn_winding_woodlands_5x15_longhouse,
          nzn_winding_woodlands_hourglass], layout_loops_cross, minmay_ruffians

Skill      XL: |  1  2  3  4  5  6  7  8  9 |
---------------+----------------------------+-----
Armour         | 4 5 6 |  6.0
Fighting       | 4 5 6 |  6.2
Dodging        | 1 2 3 |  3.2
Axes           | 3 4 6 7 |  7.7
Shields        | 4 5 6 8 9 |  9.3
Throwing       | 1 |  1.4
Polearms       | 3 5 |  5.6
Invocations    | 1 |  1.0
Stealth        | |  0.1
Conjurations   | |  0.1
Evocations     | |  0.4

Action                     |  1- 3 |  4- 6 |  7- 9 || total
---------------------------+-------+-------+-------++-------
  Melee: War axe           |    72 |   174 |   104 ||   350
         Headbutt          |     6 |    25 |    32 ||    63
         Trident           |       |       |    70 ||    70
  Throw: Stone             |    13 |     2 |       ||    15
         Dart              |       |     9 |       ||     9
 Invoke: Channel Magic     |       |       |     1 ||     1
  Evoke: Wand              |       |     1 |     8 ||     9
    Use: Potion            |     1 |     2 |       ||     3
 Armour: Scale mail        |    24 |    35 |    27 ||    86
         Plate armour      |       |       |    13 ||    13
  Dodge: Dodged            |    54 |    71 |    57 ||   182
  Block: Buckler           |    14 |     1 |       ||    15
         Tower shield      |       |   180 |   212 ||   392
         Reflection        |       |     5 |     9 ||    14
